 Dungeon Crawl Stone Soup version 0.27-a0-1555-g0e7b3fb1d2 (webtiles) character file.

Game seed: 16321646158005200568

81 Sin92 the Skirmisher (level 4, -10/35 HPs)
             Began as a Demonspawn Fighter on July 14, 2021.
             Killed from afar by Ijyb (15 damage)
             ... with a bolt of acid
             ... on level 3 of the Dungeon.
             The game lasted 00:01:57 (2661 turns).

Sin92 the Skirmisher (Demonspawn Fighter)           Turns: 2661, Time: 00:01:58

Health: -10/35     AC: 10    Str: 16    XL:     4   Next: 20%
Magic:  4/4        EV:  7    Int: 10    God:
Gold:   61         SH:  9    Dex: 13    Spells: 3/3 levels left

rFire    . . .     SeeInvis .   a - +0 long sword
rCold    . . .     Faith    .   c - +0 kite shield
rNeg     . . .     Spirit   .   b - +0 scale mail
rPois    .         Reflect  .   (helmet restricted)
rElec    .         Harm     .   (no cloak)
rCorr    .         Rampage  .   f - +2 pair of gloves
Will     .....                  (no boots)
Stlth    ..........             (no amulet)
HPRegen  0.11/turn              (no ring)
MPRegen  0.09/turn              (no ring)

@: lethally poisoned (-10 -> -15)
A: antennae 1, claws 2
a: no special abilities


You were on level 3 of the Dungeon.
You visited 1 branch of the dungeon, and saw 3 of its levels.

You collected 61 gold pieces.

Inventory:

Hand Weapons
 a - a +0 long sword (weapon)
Armour
 b - a +0 scale mail (worn)
 c - a +0 kite shield (worn)
 f - a +2 pair of gloves (worn)
Scrolls
 d - a scroll of magic mapping {unknown}
 e - a scroll of enchant weapon {unknown}


   Skills:
 + Level 3.4 Fighting
 + Level 2.3 Long Blades
 + Level 3.2 Armour
 + Level 1.3 Dodging
 + Level 3.1 Shields


You had 3 spell levels left.
You didn't know any spells.
Your spell library contained the following spells:

 Spells                   Type           Power      Damage    Failure   Level
 Stone Arrow              Conj/Erth      0%         3d7       100%        3
 Animate Armour           Summ/Erth      0%         N/A       100%        4
 Lehudib's Crystal Spear  Conj/Erth      0%         10d2      100%        8


Dungeon Overview and Level Annotations

Branches:
Dungeon (3/15)

Altars:
Sif Muna

Annotations:
D:3 Ijyb


Innate Abilities, Weirdness & Mutations

You have a pair of small antennae on your head.
You have very sharp fingernails.


Message History

The adder bites you but does no damage. The scorpion barely misses you.
The frilled lizard bites you but does no damage.
Unknown command.
You closely miss the adder.
The adder is lightly wounded.
The adder bites you but does no damage. The scorpion stings you!
The frilled lizard barely misses you.
You riposte.
You miss the frilled lizard. You block the adder's attack.
You block the scorpion's attack.
Unknown command.
Your shield and scale mail prevent you from hitting the adder.
The adder is lightly wounded.
The adder bites you but does no damage. The frilled lizard bites you.
You block the scorpion's attack. The adder bites you but does no damage.
The frilled lizard bites you but does no damage.
You block the scorpion's attack.
You aren't carrying any potions.
You hit the scorpion but do no damage. The adder completely misses you.
The scorpion stings you.
You are poisoned.
The scorpion poisons you!
The frilled lizard bites you but does no damage.
The adder closely misses you. You block the frilled lizard's attack.
You hit the scorpion.
The scorpion is lightly wounded.
You feel very sick.
The scorpion stings you but does no damage.
The adder bites you. You block the frilled lizard's attack.
The frilled lizard bites you but does no damage.
The scorpion stings you. The adder barely misses you.
You riposte.
You barely miss the adder.
The adder is lightly wounded.
The frilled lizard bites you but does no damage.
You feel sick. The scorpion stings you.
* * * LOW HITPOINT WARNING * * *
The frilled lizard bites you but does no damage.
Unknown command.
* * * LOW HITPOINT WARNING * * *
You feel sick. The scorpion barely misses you.
Ijyb zaps a wand.
The bolt of acid hits you!
You die...

#.. ... .... ....
#.... ....#####
##.....
........##.....#.
.................
........g..$.....
#.....Sls@.......
#.......l........
#................
.................
.................
≈...............##
........##.......##
..#.....########...
.....#............


You could see Ijyb, a scorpion, an adder and 2 frilled lizards.

Vanquished Creatures
  4 adders (D:2)
  A dart slug (D:1)
  4 ball pythons
  6 endoplasms
  A giant cockroach (D:1)
  5 goblins
  3 hobgoblins
  2 jackals (D:1)
  7 bats
  3 frilled lizards (D:2)
  A kobold (D:2)
  3 rats
40 creatures vanquished.

Notes
Turn   | Place    | Note
-------+----------+-------------------------------------------
     0 | D:1      | Sin92 the Demonspawn Fighter began the quest for the Orb.
     0 | D:1      | Reached XP level 1. HP: 18/18 MP: 1/1
   207 | D:1      | Gained mutation: You have a pair of small antennae on your
                  | head. [demonic ancestry]
   207 | D:1      | Reached XP level 2. HP: 24/24 MP: 2/2
   729 | D:1      | Found a faded altar of an unknown god.
  1043 | D:2      | Found a shimmering blue altar of Sif Muna.
  1160 | D:2      | Gained mutation: You have sharp fingernails. [demonic
                  | ancestry]
  1160 | D:2      | Reached XP level 3. HP: 13/29 MP: 3/3
  1163 | D:2      | Reached skill level 1 in Dodging
  2024 | D:2      | Gained mutation: You have very sharp fingernails. [demonic
                  | ancestry]
  2024 | D:2      | Reached XP level 4. HP: 33/35 MP: 4/4
  2648 | D:3      | Noticed a scorpion
  2649 | D:3      | Noticed Ijyb
  2661 | D:3      | Killed from afar by Ijyb

Illustrated notes

Levels and vault maps discovered:
D:1:      moated_graveyard_arrival, layout_basic,
          hellmonk_ecumenical_altar_dog_temple, chequers_serial_rivers_micro_b
D:2:      minmay_diamond_boxcup, layout_loops_corners, basic_altar,
          serial_park_tiny_1, minmay_misc_feat_alley, corexii_corridor_pit
D:3:      layout_rooms, serial_rivers, chequers_serial_rivers_micro_e,
          chequers_serial_rivers_micro_d, chequers_serial_rivers_micro_c,
          chequers_serial_rivers_room_b, chequers_serial_rivers_micro_a,
          chequers_serial_rivers_room_b, uniq_ijyb

Skill      XL: |  1  2  3 |
---------------+----------+-----
Long Blades    | 2 |  2.3
Armour         | 3 |  3.2
Shields        | 3 |  3.1
Dodging        | 1 |  1.3
Fighting       | |  3.4

Action                   |  1- 3 |  4- 6 || total
-------------------------+-------+-------++-------
Melee: Long sword        |   100 |    34 ||   134
  Use: Potion            |     1 |     1 ||     2
       Scroll            |       |     1 ||     1
Armor: Scale mail        |    75 |    36 ||   111
Dodge: Dodged            |    55 |    24 ||    79
Block: Kite shield       |    62 |    39 ||   101
       Rpst.: Long sword |    15 |     8 ||    23

Table legend: (Time is in decaauts)
 A = Elapsed time spent in this place.
 B = Non-inter-level travel time spent in this place.
 C = Inter-level travel time spent in this place.
 D = Time resting spent in this place.
 E = Time spent auto-exploring this place.
 F = Levels seen in this place.
 G = Mean time per level.
                   A        B        C        D        E       F      G
               +--------+--------+--------+--------+--------+-----+--------+
         Total |   2733 |   2597 |    136 |    153 |   2093 |   3 |  911.0 |
       Dungeon |   2733 |   2597 |    136 |    153 |   2093 |   3 |  911.0 |
               +--------+--------+--------+--------+--------+-----+--------+

Top non-repeatable levels by time:
     D:2: 1571 daAuts
     D:1: 1043 daAuts
     D:3: 118 daAuts
